 Dungeon Crawl Stone Soup version 0.21.1-1-g345015f (webtiles) character file.

283 lokyar the Shield-Bearer (level 6, -7/48 HPs)
             Began as a Formicid Fighter on July 28, 2018.
             Mangled by snakesoul's ghost (18 damage)
             ... on level 3 of the Dungeon.
             The game lasted 00:07:50 (3165 turns).

lokyar the Shield-Bearer (Formicid Fighter)         Turns: 3165, Time: 00:07:51

Health: -7/48      AC:  9    Str: 31    XL:     6   Next: 54%
Magic:  6/6        EV:  9    Int:  7    God:
Gold:   116        SH: 10    Dex: 10    Spells: 5/5 levels left

rFire    . . .     SeeInvis +   a - +0 war axe
rCold    . . .     Gourm    .   c - +0 shield
rNeg     . . .     Faith    .   b - +0 scale mail
rPois    .         Spirit   .   (helmet unavailable)
rElec    .         Reflect  .   (no cloak)
rCorr    .         Harm     .   j - +1 pair of gloves
MR       .....                  (no boots)
Stlth    ..........             (no amulet)
HPRegen  0.16/turn              n - +3 ring of strength
MPRegen  0.10/turn              (no ring)

@: mighty
A: permanent stasis, dig shafts and tunnels, four strong arms, antennae 3
a: Dig, Shaft Self


You were on level 3 of the Dungeon.
You were not hungry.

You visited 1 branch of the dungeon, and saw 4 of its levels.

You collected 116 gold pieces.

Inventory:

Hand Weapons
 a - a +0 war axe (weapon)
Armour
 b - a +0 scale mail (worn)
 c - a +0 shield (worn)
 j - a +1 pair of gloves (worn)
 s - a +0 large shield
Jewellery
 n - a +3 ring of strength (left hand)
 t - an uncursed ring of magical power {unknown}
Wands
 q - a wand of polymorph (13)
Scrolls
 e - 3 scrolls of teleportation {unknown}
 g - 2 scrolls of identify
 i - 2 scrolls of blinking {unknown}
 k - a scroll of enchant armour {unknown}
 l - 2 scrolls of amnesia {unknown}
 o - 2 scrolls of random uselessness {unknown}
 p - 2 scrolls of fear {unknown}
Potions
 d - a potion of might
 h - a potion of resistance {unknown}
 m - 2 potions of curing {unknown}
 r - a potion of ambrosia {unknown}
 u - a potion of flight {unknown}
Comestibles
 f - 2 rations


   Skills:
 + Level 4.3 Fighting
 * Level 4.2 Axes
 + Level 4.5 Armour
 + Level 0.7 Dodging
 + Level 4.6 Shields


You had 5 spell levels left.
You didn't know any spells.

Dungeon Overview and Level Annotations

Branches:
Dungeon (4/15)
 Temple: D:4-7

Altars:
Ashenzari
Elyvilon
Nemelex Xobeh

Annotations:
D:3 snakesoul's ghost, amateur MiFi


Innate Abilities, Weirdness & Mutations

You cannot be hasted, slowed, berserked, paralysed or teleported.
You can dig through walls and to a lower floor.
Your four strong arms can wield two-handed weapons with a shield.
You have a pair of large antennae on your head. (SInv)


Message History

You kill the kobold!
The orc barely misses you. Snakesoul's ghost barely misses you.
You slice snakesoul's ghost!!
Snakesoul's ghost is severely damaged.
The orc hits you but does no damage. You block snakesoul's ghost's attack.
Snakesoul's ghost closely misses you. The orc hits you but does no damage.
You hit snakesoul's ghost.
Snakesoul's ghost is almost destroyed.
Snakesoul's ghost hits you!
You are too injured to fight recklessly!
You hit snakesoul's ghost.
Snakesoul's ghost is almost destroyed.
Snakesoul's ghost screams, "What do you have that I didn't have?"
You block snakesoul's ghost's attack.
You barely miss snakesoul's ghost.
Snakesoul's ghost is almost destroyed.
Snakesoul's ghost hits you!
* * * LOW HITPOINT WARNING * * *
Snakesoul's ghost hits you!!
You die...

..# ≈ #.# ### ≈≈ #.# ..
<.. ≈≈≈ #.# #.# ### ♣≈≈≈
#$# #.# ## ≈≈≈≈. #.#####
#.# #. .≈≈≈≈S##†....#
#.# #. ≈≈≈≈ooW@..##.#
#.### #.
≈≈≈≈≈S###(##.####...###.
≈≈≈≈o #.........#...#.
..≈≈ ####.##.#.......
..≈ #.##.##.##.#. ##
#.##.........
#.##..#.##.#.
#.##..#)##.#.
#.##.........


You could see snakesoul's ghost, 2 adders and 3 orcs.

Vanquished Creatures
  A gnoll shaman (D:4)
  An orc priest (D:3)
  2 orc wizards (D:3)
  5 adders
  5 gnolls (D:4)
  2 oozes
  A worm (D:3)
  2 dart slugs (D:2)
  A leopard gecko (D:3)
  6 orcs (D:3)
  2 bats (D:1)
  A giant cockroach (D:2)
  5 goblins
  4 hobgoblins
  3 jackals (D:1)
  8 kobolds
  A quokka (D:2)
  2 ball pythons (D:1)
  5 frilled lizards
  A leopard gecko skeleton (D:4)
  7 rats
65 creatures vanquished.

Notes
Turn   | Place    | Note
-------+----------+-------------------------------------------
     0 | D:1      | lokyar the Formicid Fighter began the quest for the Orb.
     0 | D:1      | Reached XP level 1. HP: 18/18 MP: 1/1
    11 | D:1      | Reached XP level 2. HP: 21/24 MP: 2/2
   501 | D:1      | Reached XP level 3. HP: 19/29 MP: 3/3
   798 | D:2      | Found a shattered altar of Ashenzari.
  1204 | D:4      | Reached XP level 4. HP: 23/37 MP: 4/4
  1210 | D:4      | Reached XP level 5. HP: 7/42 MP: 5/5
  1212 | D:4      | HP: 1/42 [gnoll (6)]
  2013 | D:2      | Found a sparkling altar of Nemelex Xobeh.
  2013 | D:2      | Found a white marble altar of Elyvilon.
  2744 | D:3      | Reached XP level 6. HP: 30/48 MP: 6/6
  3154 | D:3      | Noticed snakesoul's ghost (amateur MiFi)
  3165 | D:3      | Mangled by snakesoul's ghost

Skill      XL: |  1  2  3  4  5  6 |
---------------+-------------------+-----
Shields        | 4 |  4.6
Axes           | 3 4 |  4.2
Armour         | 4 |  4.5
Fighting       | 4 |  4.3
Dodging        | |  0.7

Action                   |  1- 3 |  4- 6 || total
-------------------------+-------+-------++-------
Melee: War axe           |    72 |   151 ||   223
  Use: Scroll            |     2 |       ||     2
       Potion            |       |     1 ||     1
  Eat: Chunk             |       |     4 ||     4
       Ration            |       |     1 ||     1
Armor: Scale mail        |    42 |    63 ||   105
Dodge: Dodged            |    25 |    49 ||    74
Block: Shield            |    44 |    88 ||   132
